 Dungeon Crawl Stone Soup version 0.27-a0-279-gdfb9265905 (webtiles) character file.

Game seed: 17250296835193950627

205 runemasterragnar the Ducker (level 5, 0/36 HPs)
             Began as an Octopode Fighter on Feb 8, 2021.
             Was a Follower of Vehumet.
             Slain by Grinder (4 damage)
             ... while paralysed by Grinder
             ... on level 3 of the Dungeon.
             The game lasted 00:03:27 (3255 turns).

runemasterragnar the Ducker (Octopode Fighter)      Turns: 3255, Time: 00:03:27

Health: 0/36       AC:  1    Str: 15    XL:     5   Next: 83%
Magic:  5/5        EV:  2    Int: 12    God:    Vehumet [*.....]
Gold:   85         SH:  0    Dex: 11    Spells: 4/4 levels left

rFire    . . .     SeeInvis .   a - +0 long sword
rCold    . . .     Faith    .   b - +0 kite shield
rNeg     . . .     Spirit   .   (helmet restricted)
rPois    .         Reflect  .   (no amulet)
rElec    .         Harm     .   g - ring of resist corrosion
rCorr    +         Rampage  .   (no ring)
Will     .....                  (no ring)
Stlth    +++.......             (no ring)
HPRegen  0.12/turn              (no ring)
MPRegen  0.09/turn              (no ring)
                                (no ring)
                                (no ring)

@: paralysed
A: almost no armour, stealthy swim, amphibious, 8 rings, constrict 8, camouflage
1, gelatinous body 1
a: Renounce Religion


You were on level 3 of the Dungeon.
You worshipped Vehumet.
Vehumet was aware of your devotion.
You visited 1 branch of the dungeon, and saw 4 of its levels.

You collected 85 gold pieces.

Inventory:

Hand Weapons
 a - a +0 long sword (weapon)
 t - a +0 short sword of protection
Missiles
 u - 2 throwing nets (quivered)
Armour
 b - a +0 kite shield (worn)
Jewellery
 g - a ring of resist corrosion (left tentacle)
 i - an uncursed ring of positive energy {unknown}
 s - an uncursed ring of flight {unknown}
Scrolls
 f - 2 scrolls of teleportation {unknown}
 h - a scroll of random uselessness {unknown}
 k - 2 scrolls of remove curse {unknown}
 l - 3 scrolls of identify {unknown}
 m - a scroll of noise {unknown}
 n - a scroll of enchant armour {unknown}
 p - a scroll of fog {unknown}
 q - a scroll of magic mapping {unknown}
Potions
 c - a potion of might
 d - a potion of mutation {unknown}
 e - a potion of lignification
 j - a potion of experience {unknown}
 o - a potion of heal wounds {unknown}
 r - a potion of degeneration {unknown}


   Skills:
 + Level 3.6 Fighting
 * Level 3.5 Long Blades
 + Level 0.3 Throwing
 + Level 3.6 Dodging
 + Level 2.6 Stealth
 + Level 3.5 Shields
 + Level 1.6 Unarmed Combat


You had 4 spell levels left.
You didn't know any spells.
Your spell library was empty.

Dungeon Overview and Level Annotations

Branches:
Dungeon (4/15)
 Temple: D:4-7

Altars:
Cheibriados
Elyvilon
Fedhas
Hepliaklqana
Makhleb
Trog
Uskayaw
Vehumet
Xom

Annotations:
D:3 Grinder


Innate Abilities, Weirdness & Mutations

You cannot wear most types of armour.
You are very stealthy in the water. (Stealth+)
You are amphibious.
You can wear up to eight rings at the same time.
You can use your tentacles to constrict eight enemies at once.
Your skin changes colour to match your surroundings (Stealth+).
Your rubbery body absorbs attacks. (AC +1, EV +1)


Message History

You kill the rat!
Vehumet accepts your kill.
You now have 85 gold pieces (gained 11).
Grinder comes into view.
Found 16 gold pieces.
Grinder is nearby!
Grinder shouts!
Grinder gestures at you.
You suddenly lose the ability to move!
Grinder hits you. x2
You writhe in agony.
Grinder gestures at you. Pain shoots through your body!
* * * LOW HITPOINT WARNING * * *
Grinder hits you.
* * * LOW HITPOINT WARNING * * *
You writhe in agony.
* * * LOW HITPOINT WARNING * * *
Grinder hits you.
You die...

#.### ♣...≈≈≈...♣ ....#
♣♣..≈≈≈≈≈..♣♣ ....#
♣...≈≈_≈≈...♣ <...#
♣♣..≈≈≈≈≈..♣♣ ....#
♣...≈≈≈...♣ ....#
♣♣.......♣♣ ###.#
♣♣.....♣♣ #†# ♣♣...♣♣
#.# ♣...@.♣ #.#
♣.....5.♣
###.######♣...≈≈≈...♣
.............≈≈≈≈≈....
###.######...≈≈♣≈≈$..##
#.# #...≈≈≈≈≈...# #.#
#....≈≈≈....#
###.######.#.......#.#
.........#


You could see Grinder.

Vanquished Creatures
  An orc priest (D:3)
  Jessica (D:3)
  7 adders
  3 oozes
  2 worms (D:2)
  A leopard gecko (D:3)
  3 orcs (D:3)
  9 bats
  2 giant cockroaches (D:1)
  7 goblins
  6 hobgoblins
  3 jackals (D:1)
  6 kobolds
  3 quokkas
  A ball python (D:1)
  3 frilled lizards (D:1)
  12 rats
70 creatures vanquished.

Notes
Turn   | Place    | Note
-------+----------+-------------------------------------------
     0 | D:1      | runemasterragnar the Octopode Fighter began the quest for
                  | the Orb.
     0 | D:1      | Reached XP level 1. HP: 16/16 MP: 1/1
   107 | D:1      | Reached XP level 2. HP: 21/21 MP: 2/2
   191 | D:1      | Reached skill level 1 in Stealth
   711 | D:1      | Reached XP level 3. HP: 15/26 MP: 3/3
  1197 | D:2      | Reached skill level 1 in Unarmed Combat
  1197 | D:2      | Reached XP level 4. HP: 31/31 MP: 4/4
  1278 | D:2      | Found a bloodstained altar of Trog.
  1278 | D:2      | Found a shimmering altar of Xom.
  1279 | D:2      | Found a hide-covered altar of Uskayaw.
  1293 | D:2      | Found a burning altar of Makhleb.
  1309 | D:2      | Found a radiant altar of Vehumet.
  1314 | D:2      | Found a blossoming altar of Fedhas.
  1321 | D:2      | Found a hazy altar of Hepliaklqana.
  1338 | D:2      | Became a worshipper of Vehumet
  1919 | D:2      | Found a snail-covered altar of Cheibriados.
  2269 | D:3      | Noticed Jessica
  2274 | D:3      | Killed Jessica
  2275 | D:3      | Reached XP level 5. HP: 28/36 MP: 5/5
  2842 | D:3      | Reached * piety under Vehumet
  2842 | D:3      | Offered knowledge of Freeze by Vehumet.
  3228 | D:3      | Found a white marble altar of Elyvilon.
  3248 | D:3      | Noticed Grinder
  3250 | D:3      | Paralysed by Grinder for 7 turns
  3255 | D:3      | Slain by Grinder

Illustrated notes

Levels and vault maps discovered:
D:1:      roderic_crop_circles_arrival_small, layout_basic, minmay_heptomino_d4
D:2:      layout_loops_cross, lemuel_round_altar, grunt_temple_overflow_octagram
D:3:      layout_loops_ring, elyvilon_altar_3, uniq_jessica, uniq_grinder
D:4:      layout_basic

Skill      XL: |  1  2  3  4 |
---------------+-------------+-----
Stealth        | 1 2 |  2.6
Unarmed Combat | 1 |  1.6
Long Blades    | 3 |  3.5
Fighting       | |  3.6
Throwing       | |  0.3
Dodging        | |  3.6
Shields        | |  3.5

Action                   |  1- 3 |  4- 6 || total
-------------------------+-------+-------++-------
Melee: Long sword        |    56 |    70 ||   126
       Constrict         |    20 |    19 ||    39
       Tentacles         |    12 |    10 ||    22
       Punch             |       |     2 ||     2
       Unarmed           |       |     1 ||     1
  Use: Potion            |       |     1 ||     1
 Stab: Sleeping          |     4 |     6 ||    10
Armor: Skin              |     5 |    13 ||    18
Dodge: Dodged            |    25 |    22 ||    47
Block: Kite shield       |    33 |    33 ||    66
       Rpst.: Long sword |    11 |     8 ||    19

Table legend: (Time is in decaauts)
 A = Elapsed time spent in this place.
 B = Non-inter-level travel time spent in this place.
 C = Inter-level travel time spent in this place.
 D = Time resting spent in this place.
 E = Time spent auto-exploring this place.
 F = Levels seen in this place.
 G = Mean time per level.
                   A        B        C        D        E       F      G
               +--------+--------+--------+--------+--------+-----+--------+
         Total |   3315 |   3238 |     77 |    259 |   2434 |   4 |  828.8 |
       Dungeon |   3315 |   3238 |     77 |    259 |   2434 |   4 |  828.8 |
               +--------+--------+--------+--------+--------+-----+--------+

Top non-repeatable levels by time:
     D:2: 1199 daAuts
     D:1: 1104 daAuts
     D:3: 787 daAuts
     D:4: 224 daAuts
